 Dungeon Crawl Stone Soup version 0.21.1-1-g345015fe64 (webtiles) character file.

50188 jlero the Bludgeoner (level 14, -4/127 HPs)
             Began as a Minotaur Fighter on Mar 29, 2018.
             Was the Champion of Okawaru.
             Slain by a polar bear (21 damage)
             ... on level 6 of the Lair of Beasts.
             The game lasted 00:45:24 (22836 turns).

jlero the Bludgeoner (Minotaur Fighter)            Turns: 22836, Time: 00:45:24

Health: -4/127     AC: 25    Str: 28    XL:     14   Next: 18%
Magic:  12/14      EV: 15    Int:  7    God:    Okawaru [******]
Gold:   1534       SH: 17    Dex: 21    Spells: 13/13 levels left

rFire    + . .     SeeInvis .   K - +0 whip (elec)
rCold    . . .     Gourm    .   c - +0 shield
rNeg     . . .     Faith    .   W - +1 chain mail of the Trees {+Inv rElec Dex+8 Stlth-}
rPois    +         Spirit   .   t - +1 hat
rElec    +         Reflect  .   u - +0 cloak
rCorr    .         Harm     .   y - +1 pair of gloves {Str+3}
MR       +....                  a - +2 pair of boots {Stlth+}
Stlth    +.........             (no amulet)
HPRegen  0.31/turn              q - ring of protection from fire
MPRegen  0.14/turn              Z - ring of poison resistance

@: heroism
A: retaliatory headbutt, horns 2, strong 2
a: Heroism, Finesse, Renounce Religion, Evoke Invisibility


You were on level 6 of the Lair of Beasts.
You worshipped Okawaru.
Okawaru was exalted by your worship.
You were hungry.

You visited 3 branches of the dungeon, and saw 20 of its levels.
You also visited: Labyrinth, Ossuary and Bailey.

You collected 1534 gold pieces.

Inventory:

Hand Weapons
 l - a +2 mace of holy wrath
 K - a +0 whip of electrocution (weapon)
Armour
 a - a +2 pair of boots of stealth (worn)
 c - a +0 shield (worn)
 t - a +1 hat (worn)
 u - a +0 cloak (worn)
 y - a +1 pair of gloves of strength (worn)
 B - the cursed +0 scale mail "Ruiptobb" {rCorr Str+2}
   (You found it on level 6 of the Lair of Beasts)

   It affects your strength (+2).
   It protects you from acid and corrosion.
   It has a curse placed upon it.
 W - the +1 chain mail of the Trees (worn) {+Inv rElec Dex+8 Stlth-}
   (Okawaru gifted it to you on level 1 of the Lair of Beasts)

   It affects your dexterity (+8).
   It insulates you from electricity.
   It lets you turn invisible.
   It makes you less stealthy.
Jewellery
 k - an uncursed ring of fire
 q - a ring of protection from fire (left hand)
 s - an uncursed ring of protection from cold
 v - a cursed ring of teleportation
 Z - a ring of poison resistance (right hand)
Wands
 A - a wand of flame (19)
 I - a wand of iceblast (25)
 J - a wand of digging (46)
Scrolls
 d - 2 scrolls of identify
 g - 11 scrolls of remove curse
 m - 6 scrolls of teleportation
 n - 8 scrolls of magic mapping
 w - a scroll of fear
Potions
 b - a potion of might
 h - a potion of brilliance
 i - 3 potions of magic
 j - a potion of invisibility
 o - 4 potions of flight
 r - 2 potions of resistance {unknown}
 x - 2 potions of berserk rage
 z - a potion of agility
 N - 3 potions of curing
Books
 p - a book of Unlife

   Spells                             Type                      Level
   a - Recall                         Summoning/Translocation      3
   b - Animate Dead                   Necromancy                   4
   c - Borgnjor's Vile Clutch         Necromancy/Earth             5
   d - Death Channel                  Necromancy                   6
   e - Simulacrum                     Ice/Necromancy               6
Comestibles
 f - 23 rations
 C - 4 chunks of flesh


   Skills:
 + Level 12.3(17.3) Fighting
 * Level 16.5(21.5) Maces & Flails
 + Level 13.3(18.3) Armour
 - Level 2.3(7.3) Dodging
 + Level 3.3(8.3) Stealth
 + Level 15.3(20.3) Shields
 + Level 1.5 Invocations


You had 13 spell levels left.
You didn't know any spells.

Dungeon Overview and Level Annotations

Branches:
Dungeon (13/15)            Temple (1/1) D:7            Lair (6/6) D:9
 Shoals (0/4) Lair:3        Snake (0/4) Lair:2        Slime (0/5) Lair:6
    Orc (0/2) D:10
 Vaults: D:13-14

Altars:
Ashenzari
Cheibriados
Dithmenos
Elyvilon
Fedhas
Gozag
Hepliaklqana
Kikubaaqudgha
Makhleb
Nemelex Xobeh
Okawaru
Qazlal
Ru
Sif Muna
Trog
Uskayaw
Vehumet
Wu Jian
Xom
Yredelemnul
Zin
The Shining One

Shops:
D:6 *   D:11 :

Annotations:
Lair:2 exclusion: oklob plant


Innate Abilities, Weirdness & Mutations

You reflexively headbutt those who attack you in melee.
You have a pair of horns on your head.
Your muscles are very strong. (Str +4)


Message History

You block the polar bear's attack. x2
The polar bear claws you but does no damage.
You feel much better.
You feel sick. You block the spiny frog's attack.
You block the polar bear's attack.
The polar bear claws you but does no damage. x2
The spiny frog stings you!
* * * LOW HITPOINT WARNING * * *
You gain the combat prowess of a mighty hero.
You feel sick. The polar bear bites you.
* * * LOW HITPOINT WARNING * * *
The polar bear claws you but does no damage.
You block the polar bear's attack.
The spiny frog stings you but does no damage.
The polar bear bites you!
* * * LOW HITPOINT WARNING * * *
You block the polar bear's attack. x2
You feel better. The spiny frog stings you.
* * * LOW HITPOINT WARNING * * *
The polar bear bites you!!
You die...

≈≈*8≈≈≈≈*≈≈≈≈≈8#≈≈≈P≈≈≈###...#**.
≈≈*≈≈≈≈≈≈≈≈≈≈≈≈#≈≈##.≈## ##...#*,
≈≈*≈≈≈≈≈≈P≈≈≈≈≈#≈≈##..# **.#....,
≈≈**≈≈≈,≈≈.≈≈≈..≈P†≈≈## *,**.....
≈≈≈≈≈≈≈≈≈≈≈≈≈≈≈†≈≈≈≈..#**,**##...
≈≈*,≈≈,,≈≈.#≈≈##†≈.#.##,,****,.#.
≈≈*,≈≈**≈≈##≈≈.#≈≈##≈#..,,,,,,,,,
≈,≈,,≈,,≈≈≈.P.≈.hF.≈≈.P.,,,,,,,*+
,,,,,,,,,.......@.......,,,,,,,,,
,,,,,,,,,...............,,,,,,,,,
,,,,,,,,,.....(.........,,,,,,,,,
,,,,,,,,,...........(...,,,,,,,,,
,,,,,,,,,...............,,,,,,,,,
,,,,,,,,,...."....[.....,,,,,,,,,
,,,,,,,,,...........#...,,**,,,,,
,,,,,**,,#..............*,*,,,,,,
,,*******,*,,,,,,,,,,,******,,,,,


You could see a polar bear (berserk) and a spiny frog.

Vanquished Creatures
  Josephine (Lair:4)
  A minotaur (Lab)
  Fannar (Lair:1)
  3 hydras
  3 two-headed ogres
  4 death yaks (Lair:4)
  A necromancer (D:11)
  2 ugly things
  A merfolk siren (Lair:3)
  7 black mambas
  2 elephants (Lair:6)
  A torpor snail (Lair:5)
  4 gargoyles (Lab)
  5 rime drakes
  12 spiny frogs
  5 komodo dragons
  The ghost of supermoro the Sneak, a novice KoEn (D:3)
  A troll (D:11)
  3 meliai
  3 polar bears
  3 merfolk (Lair:3)
  3 hornets
  9 hippogriffs
  2 slime creatures (Lair:6)
  4 dream sheep (Lair:5)
  22 blink frogs
  A meliai zombie (D:11)
  Sigmund (D:3)
  4 wraiths
  2 wyverns
  4 redbacks (Lab)
  A spriggan (D:9)
  41 yaks
  A steam dragon (D:11)
  5 vampire mosquitoes
  Grum (D:8)
  5 hungry ghosts
  2 basilisks
  3 nagas (Lair:2)
  13 water moccasins
  6 hell hounds (D:11)
  8 porcupines
  A swamp drake (D:10)
  A sky beast (D:7)
  3 ice beasts
  2 black bears
  3 orc warriors
  6 ogres
  4 phantoms
  An eye of draining (D:6)
  A centaur (D:9)
  7 wolves
  16 crocodiles
  A big kobold (D:10)
  9 bullfrogs
  5 scorpions
  5 wights
  17 killer bees
  2 spriggan skeletons (Lab)
  3 electric eels
  A troll skeleton (Lab)
  A howler monkey (D:7)
  4 crimson imps
  2 bullfrog zombies
  A centaur zombie (D:9)
  A quasit (D:12)
  A bullfrog skeleton (D:5)
  7 hounds
  4 jellies
  4 orc priests
  7 orc wizards
  4 iguanas
  6 worker ants
  4 hell rats
  An ogre skeleton (Lab)
  A hound skeleton (D:4)
  11 gnolls
  16 adders
  An ooze (D:3)
  An adder zombie (Ossuary)
  An adder skeleton (D:8)
  2 worms
  2 dart slugs
  8 leopard geckos
  43 orcs
  9 giant cockroaches
  11 goblins
  5 hobgoblins
  12 jackals
  12 kobolds
  7 quokkas
  A ball python (D:2)
  10 bats
  11 frilled lizards
  A hobgoblin zombie (Ossuary)
  3 kobold zombies (Ossuary)
  2 orc skeletons (Ossuary)
  An orc zombie (Ossuary)
  7 rats
  2 plants (D:2)
517 creatures vanquished.

Vanquished Creatures (others)
  An orc (D:10)
  4 bushes (D:9)
  11 fungi
  26 plants
42 creatures vanquished.

Grand Total: 559 creatures vanquished

Notes
Turn   | Place    | Note
-------+----------+-------------------------------------------
     0 | D:1      | jlero the Minotaur Fighter began the quest for the Orb.
     0 | D:1      | Reached XP level 1. HP: 19/19 MP: 0/0
   208 | D:1      | Reached XP level 2. HP: 27/27 MP: 1/1
   287 | D:1      | Reached skill level 3 in Maces & Flails
   514 | D:2      | Reached XP level 3. HP: 33/33 MP: 2/2
   695 | D:2      | Reached XP level 4. HP: 36/40 MP: 3/3
   698 | D:2      | Reached skill level 4 in Maces & Flails
   950 | D:2      | Found a deep blue altar of Sif Muna.
   954 | D:2      | Found a hide-covered altar of Uskayaw.
  1336 | D:2      | Reached XP level 5. HP: 46/46 MP: 4/4
  1782 | D:3      | Found a stormy altar of Qazlal.
  1849 | D:3      | Noticed supermoro's ghost (novice KoEn)
  1876 | D:3      | Killed supermoro's ghost
  1876 | D:3      | Reached skill level 6 in Maces & Flails
  1876 | D:3      | Reached skill level 5 in Armour
  1876 | D:3      | Reached skill level 1 in Dodging
  1876 | D:3      | Reached XP level 6. HP: 37/53 MP: 5/5
  2248 | D:3      | Found a glowing silver altar of Zin.
  2302 | D:3      | Noticed Sigmund
  2327 | D:3      | Killed Sigmund
  2327 | D:3      | Reached skill level 5 in Shields
  2327 | D:3      | Reached XP level 7. HP: 25/60 MP: 6/6
  2581 | D:4      | Found a white marble altar of Elyvilon.
  2660 | D:4      | Found a sand-covered staircase.
  2666 | Ossuary  | Entered an ossuary
  2759 | Ossuary  | Noticed a flying skull
  2759 | Ossuary  | Noticed a wraith
  2791 | Ossuary  | Noticed a flying skull
  2792 | Ossuary  | Noticed a flying skull
  2800 | Ossuary  | Noticed a wraith
  2815 | Ossuary  | Killed a wraith
  2815 | Ossuary  | Reached skill level 5 in Fighting
  2815 | Ossuary  | Reached skill level 7 in Maces & Flails
  2833 | Ossuary  | Noticed a flying skull
  3034 | Ossuary  | Noticed a flying skull
  3038 | Ossuary  | Noticed a wraith
  3047 | Ossuary  | Killed a wraith
  3047 | Ossuary  | Reached skill level 8 in Maces & Flails
  3047 | Ossuary  | Reached XP level 8. HP: 50/68 MP: 7/7
  3743 | D:5      | Entered Level 5 of the Dungeon
  3963 | D:5      | Reached skill level 9 in Maces & Flails
  4410 | D:5      | Reached skill level 10 in Maces & Flails
  4673 | D:6      | Reached XP level 9. HP: 75/75 MP: 0/8
  5196 | D:6      | Found Tiucer's Elemental Accessories.
  5515 | D:7      | Reached skill level 11 in Maces & Flails
  6225 | D:7      | Reached skill level 1 in Stealth
  6344 | D:7      | Found a staircase to the Ecumenical Temple.
  6351 | Temple   | Entered the Ecumenical Temple
  6435 | Temple   | Became a worshipper of Warmaster Okawaru
  6756 | D:7      | Reached skill level 12 in Maces & Flails
  6917 | D:8      | Found a flagged portal.
  6930 | Bailey   | Entered a bailey
  7467 | D:8      | Noticed Grum
  7487 | D:8      | Reached XP level 10. HP: 42/86 MP: 9/9
  7495 | D:8      | Killed Grum
  7603 | D:8      | Paralysed by a hornet for 3 turns
  7605 | D:8      | HP: 4/86 [hornet (3)]
  8054 | D:9      | Reached * piety under Okawaru
  8504 | D:8      | Got a brightly glowing rapier
  8519 | D:8      | Noticed a two-headed ogre
  8527 | D:8      | Killed a two-headed ogre
  8527 | D:8      | Reached skill level 13 in Maces & Flails
  8753 | D:8      | Got a polished war axe
  8919 | D:9      | Found a staircase to the Lair.
  8946 | D:9      | Reached ** piety under Okawaru
  9004 | D:8      | HP: 4/88 [porcupine (8)]
  9624 | D:9      | Noticed a two-headed ogre
  9639 | D:9      | Killed a two-headed ogre
  9639 | D:9      | Reached *** piety under Okawaru
  9713 | D:9      | Reached XP level 11. HP: 66/95 MP: 10/10
  9961 | D:9      | Found a bloodstained altar of Trog.
 10583 | D:9      | Reached **** piety under Okawaru
 10647 | D:10     | Entered Level 10 of the Dungeon
 11137 | D:10     | Reached skill level 10 in Shields
 11196 | D:10     | Found a staircase to the Orcish Mines.
 11732 | D:10     | Found a stormy altar of Qazlal.
 12153 | D:11     | Noticed a white ugly thing
 12172 | D:11     | Killed a white ugly thing
 12172 | D:11     | Reached skill level 10 in Armour
 12563 | D:11     | Found Qenig's Book Shop.
 12614 | D:11     | Noticed a cyan ugly thing
 12709 | D:10     | HP: 2/95 [cyan ugly thing (12)]
 13304 | D:11     | Reached skill level 14 in Maces & Flails
 13315 | D:11     | Noticed a necromancer
 13325 | D:11     | Killed a necromancer
 13328 | D:11     | Noticed a hell knight
 13869 | D:12     | Found a labyrinth entrance.
 13878 | Lab      | Entered a labyrinth
 14310 | Lab      | Reached ***** piety under Okawaru
 14764 | Lab      | Found the +4 skin of Zhor {rC+++}
 14765 | Lab      | Noticed a minotaur
 14776 | Lab      | Killed a minotaur
 14776 | Lab      | Received a gift from Okawaru
 14779 | Lab      | Got a steaming robe
 14936 | D:12     | Noticed a green ugly thing
 14953 | D:12     | Killed a green ugly thing
 14975 | D:12     | Reached XP level 12. HP: 68/106 MP: 11/11
 15107 | D:12     | Noticed a two-headed ogre
 15118 | D:12     | Killed a two-headed ogre
 15653 | Lair:1   | Entered Level 1 of the Lair of Beasts
 15841 | Lair:1   | Noticed Fannar
 15862 | Lair:1   | Killed Fannar
 15862 | Lair:1   | Reached skill level 10 in Fighting
 15862 | Lair:1   | Reached skill level 15 in Maces & Flails
 16207 | Lair:1   | Received a gift from Okawaru
 16210 | Lair:1   | Got a distressingly furry chain mail {god gift}
 16221 | Lair:1   | Identified the +1 chain mail of the Trees {+Inv rElec Dex+8 Stlth-} (Okawaru gifted it to you on level 1 of the Lair of Beasts)
 16339 | Lair:1   | Reached ****** piety under Okawaru
 16360 | Lair:1   | Reached skill level 1 in Invocations
 17079 | Lair:2   | Gained mutation: Your muscles are strong. (Str +2) [potion of mutation]
 17079 | Lair:2   | Gained mutation: Your muscles are very strong. (Str +4) [potion of mutation]
 17224 | Lair:2   | Found a staircase to the Snake Pit.
 17850 | Lair:2   | Reached XP level 13. HP: 114/116 MP: 13/13
 18047 | Lair:3   | Found a staircase to the Shoals.
 18355 | Lair:3   | Received a gift from Okawaru
 19345 | Lair:4   | Noticed Josephine
 19365 | Lair:4   | Killed Josephine
 19365 | Lair:4   | Reached skill level 16 in Maces & Flails
 19952 | Lair:4   | Received a gift from Okawaru
 21404 | Lair:5   | You fall through a shaft!
 21404 | Lair:6   | Entered Level 6 of the Lair of Beasts
 22226 | Lair:6   | Reached skill level 15 in Shields
 22237 | Lair:6   | Reached XP level 14. HP: 92/126 MP: 14/14
 22509 | Lair:6   | Received a gift from Okawaru
 22624 | Lair:6   | Found a staircase to the Slime Pits.
 22646 | Lair:6   | Got a translucent scale mail
 22673 | Lair:6   | Identified the cursed +0 scale mail "Ruiptobb" {rCorr Str+2} (You found it on level 6 of the Lair of Beasts)
 22836 | Lair:6   | Slain by a polar bear

Skill      XL: |  1  2  3  4  5  6  7  8  9 10 11 12 13 |
---------------+----------------------------------------+-----
Maces & Flails | 3 4 6 8 10 12 13 14 15 16 | 16.5
Shields        | 4 5 7 9 11 13 15 | 15.3
Fighting       | 4 5 6 7 8 9 11 12 | 12.3
Armour         | 4 5 6 7 9 10 11 13 | 13.3
Dodging        | 1 2 |  2.3
Stealth        | 1 2 3 |  3.3
Invocations    | 1 |  1.5

Action                   |  1- 3 |  4- 6 |  7- 9 | 10-12 | 13-15 || total
-------------------------+-------+-------+-------+-------+-------++-------
Melee: Flail             |    99 |   163 |   353 |       |       ||   615
       Headbutt          |    14 |    32 |    88 |   232 |   232 ||   598
       Whip              |       |       |    89 |   993 |   629 ||  1711
Invok: Heroism           |       |       |       |    11 |     7 ||    18
  Use: Scroll            |       |       |     6 |    19 |     7 ||    32
       Potion            |       |       |     1 |    19 |     3 ||    23
 Stab: Sleeping          |       |       |       |     1 |       ||     1
  Eat: Chunk             |       |     4 |    11 |    13 |     9 ||    37
       Ration            |       |       |     3 |     6 |     2 ||    11
Armor: Scale mail        |    76 |    47 |   143 |   159 |       ||   425
       Chain mail        |       |       |       |    47 |   220 ||   267
Dodge: Dodged            |    33 |    32 |   133 |   271 |   176 ||   645
Block: Shield            |    63 |    56 |   219 |   416 |   393 ||  1147
